 Dungeon Crawl Stone Soup version bcrawl-1.29.2 (console) character file.

Game seed: 2997494462351995354

352751 GodsVoicemail the Basher (level 10, -3/160 HPs)
             Began as an Ent Monk on Mar 1, 2021.
             Was a Believer of Qazlal.
             Slain by a manticore (11 damage)
             ... on level 8 of the Dungeon.
             The game lasted 01:29:19 (7202 turns).

GodsVoicemail the Basher (Ent Monk)                 Turns: 7202, Time: 01:29:20

Health: -3/160     AC: 18    Str: 25    XL:     10   Next: 35%
Magic:  2/15       EV: 12    Int: 16    God:    Qazlal [**....]
Gold:   866        SH:  3    Dex: 19    Spells: 12/16 levels left

rFire    . . .     SeeInvis .   b - +0 giant spiked club
rCold    . . .     Gourm    .   (shield currently unavailable)
rNeg     + + +     Faith    .   (armour unavailable)
rPois    +         Spirit   .   n - +0 hat
rElec    +         Reflect  .   c - +0 cloak
rCorr    .         Harm     .   (gloves unavailable)
MR       +....     Rnd*Rage +   (boots unavailable)
Stlth    ..........             r - amulet of rage
HPRegen  0.36/turn              m - ring of insulation
MPRegen  0.14/turn              D - +5 ring of dexterity

@: brilliant, berserking, hasted, quick
A: large, slow actions, passwall, berserk 1, negative energy resistance 3,
poison resistance, slow metabolism 1, torment resistance, unbreathing, subdued
magic 1, AC +17
a: Passwall, Upheaval, Renounce Religion, Evoke Berserk Rage


You were on level 8 of the Dungeon.
You worshipped Qazlal.
Qazlal was pleased with you.
You were not hungry.

You visited 1 branch of the dungeon, and saw 8 of its levels.

You collected 866 gold pieces.

Inventory:

Hand Weapons
 a - the +5 hunting sling "Wylea" {velocity, rElec Stlth+}
   (You found it on level 4 of the Dungeon)

   Any stone fired from it inflicts extra damage.
   It insulates you from electricity.
   It makes you more stealthy.
 b - a +0 giant spiked club (weapon)
 w - a +2 mace of holy wrath
Missiles
 j - 2261 stones
 k - 770 sling bullets
 t - 1023 arrows
 u - 348 poisoned needles
 K - 63 poisoned tomahawks (quivered)
Armour
 c - a +0 cloak (worn)
 n - a +0 hat (worn)
Jewellery
 l - an uncursed amulet of regeneration
 m - a ring of insulation (left hand)
 r - an amulet of rage (around neck)
 D - a +5 ring of dexterity (right hand)
 G - an uncursed ring of fire
 H - an uncursed ring of protection from cold
Wands
 g - a wand of polymorph (11)
 z - a wand of iceblast (7)
 B - a wand of flame (5)
 E - a wand of digging (1)
Scrolls
 d - 10 scrolls of remove curse
 h - 2 scrolls of blinking
 i - 3 scrolls of identify
 s - 3 scrolls of teleportation
 v - 3 scrolls of fog
 A - 2 scrolls of enchant weapon
Potions
 o - 2 potions of might
 p - 2 potions of resistance
 x - a potion of mutation
 C - a potion of magic {unknown}
 I - a potion of ambrosia {unknown}
Comestibles
 e - 13 rations {!d}


   Skills:
 + Level 6.9 Fighting
 * Level 11.8 Maces & Flails
 - Level 2.0 Slings
 - Level 4.2 Dodging
 - Level 2.4 Stealth
 - Level 3.5 Spellcasting
 - Level 2.0 Translocations
 + Level 4.1 Transmutations
 + Level 7.6 Invocations
 + Level 4.0 Evocations


You had 12 spell levels left.
You knew the following spells:

 Your Spells              Type           Power        Failure   Level  Hunger
a - Blink                 Tloc           N/A          1%          2    None
b - Sticks to Snakes      Tmut           ###.....     1%          2    None

Your spell library contained the following spells:

 Spells                   Type           Power        Failure   Level  Hunger
 Corona                   Hex            #......      1%          1    None
 Magic Dart               Conj           #...         1%          1    None
 Call Imp                 Summ           #.....       2%          2    None
 Ensorcelled Hibernation  Hex/Ice        #.....       2%          2    None
 Searing Ray              Conj           #.......     2%          2    None
 Confuse                  Hex            #.......     5%          3    ####...
 Conjure Flame            Conj/Fire      #.......     5%          3    ####...
 Dazzling Orbs            Conj/Hex       #......      5%          3    ####...
 Iskenderun's Mystic Bla  Conj           #.......     5%          3    ####...
 Mephitic Cloud           Conj/Pois/Air  #.......     5%          3    ####...
 Tukima's Dance           Hex            #.......     5%          3    ####...
 Cause Fear               Hex            #.........   17%         4    #####..
 Fulminant Prism          Conj/Hex       #.........   17%         4    #####..
 Irradiate                Conj/Tmut      ##........   21%         5    ######.
 Beastly Appendage        Tmut           Unusable     N/A         1    N/A
 Passwall                 Tmut/Erth      Unusable     N/A         2    N/A
 Spider Form              Tmut/Pois      Unusable     N/A         3    N/A
 Ice Form                 Ice/Tmut       Unusable     N/A         4    N/A
 Blade Hands              Tmut           Unusable     N/A         5    N/A

Dungeon Overview and Level Annotations

Branches:
Dungeon (8/12)             Temple (0/1) D:6
   Lair: D:7-9          Orc: D:8-11

Altars:
Cheibriados
Gozag
Hepliaklqana
Kikubaaqudgha
Lugonu
Makhleb
Okawaru
Qazlal
Ru
Sif Muna
Trog
Zin

Shops:
D:8 }[

Annotations:
D:3 2 transporters, Ijyb
D:4 2 transporters
D:7 exclusion: downstairs
D:8 1 exclusion


Innate Abilities, Weirdness & Mutations

You move and act slowly.
You can pass through walls and trees.
Your thick bark is tough. (AC +17)
You are too large for most types of armour.
You are immune to negative energy. (rN+++)
Your system is resistant to poisons. (rPois)
You have a slow metabolism.
You are immune to unholy pain and torment.
You can survive without breathing.
You tend to lose your temper in combat.
Your spells are a little easier to cast, but a little less powerful.


Message History

Qazlal accepts your kill.
The big kobold hits you but does no damage.
Your Evocations skill increases to level 4!
It was a potion of haste.
You feel yourself speed up. The big kobold barely misses you.
The big kobold closely misses you.
It was a potion of brilliance.
You feel clever all of a sudden.
You feel better.
The big kobold hits you with a cursed -1 hand crossbow.
* * * LOW HITPOINT WARNING * * *
The manticore bites you!
* * * LOW HITPOINT WARNING * * *
The manticore claws you but does no damage. x2
You feel better. The big kobold closely misses you. The manticore bites you!
* * * LOW HITPOINT WARNING * * *
The manticore closely misses you.
The manticore claws you but does no damage.
A red film seems to cover your vision as you go berserk!
You feel yourself moving faster!
You feel mighty! The manticore bites you!
You die...

## #. #. ##. ### ### #..
##.####.##### #..
#...........### ###
#.#........#..# #
###@°.###..#.##..# #
......H.K.###......#####
....#.....#........#.#.#
.. ........._.#...#..#.#
.......##...###..#....
........####.####.......
........# ##..##.......#
##........#...........##
............###..#


You could see a manticore and a big kobold.

Vanquished Creatures
  A cyclops (D:8)
  2 will-o'-wisps (D:7)
  A freezing wraith (D:8)
  A komodo dragon (D:8)
  A troll (D:7)
  A shadow (D:8)
  A steam dragon (D:7)
  Duvessa (D:6)
  2 orc warriors
  A black bear (D:7)
  A hornet zombie (D:7)
  6 sky beasts
  2 centaurs
  3 phantoms
  3 ogres
  2 bullfrogs (D:7)
  A big kobold (D:6)
  3 scorpions
  Dowan (D:6)
  A wight (D:3)
  A howler monkey (D:7)
  A crimson imp (D:7)
  A quasit (D:5)
  A bullfrog zombie (D:7)
  2 hounds
  A jelly (D:6)
  A bullfrog skeleton (D:7)
  A centaur zombie (D:7)
  A centaur skeleton (D:5)
  An iguana (D:8)
  Natasha (thrice) (D:3)
  4 orc wizards
  5 worker ants
  A hound skeleton (D:4)
  A gnoll (D:8)
  8 adders
  A howler monkey skeleton (D:3)
  An adder skeleton (D:4)
  4 worms (D:2)
  5 dart slugs
  6 leopard geckos
  19 orcs
  2 bats (D:1)
  3 giant cockroaches (D:1)
  2 goblins
  5 hobgoblins
  11 jackals
  3 quokkas
  2 ball pythons (D:2)
  2 frilled lizards (D:3)
  10 kobolds
  A quokka zombie (D:6)
  5 rats
150 creatures vanquished.

Vanquished Creatures (collateral kills)
  A hippogriff (D:8)
1 creature vanquished.

Grand Total: 151 creatures vanquished

Notes
Turn   | Place    | Note
-------+----------+-------------------------------------------
     0 | D:1      | GodsVoicemail the Ent Monk began the quest for the Orb.
     0 | D:1      | Reached XP level 1. HP: 25/25 MP: 2/2
   343 | D:1      | Reached skill level 4 in Maces & Flails
   451 | D:1      | Reached XP level 2. HP: 33/33 MP: 3/3
  1270 | D:2      | Reached XP level 3. HP: 42/42 MP: 4/4
  1456 | D:2      | Reached skill level 5 in Maces & Flails
  1481 | D:2      | Found a hazy altar of Hepliaklqana.
  1674 | D:2      | Found a shimmering blue altar of Sif Muna.
  1908 | D:3      | Reached XP level 4. HP: 42/51 MP: 5/5
  1940 | D:3      | Found a transporter.
  1979 | D:3      | Noticed Ijyb
  2100 | D:3      | Noticed Natasha
  2110 | D:3      | Killed Natasha
  2344 | D:3      | Noticed Natasha
  2353 | D:3      | Killed Natasha
  2354 | D:3      | Reached skill level 6 in Maces & Flails
  2354 | D:3      | Reached XP level 5. HP: 60/60 MP: 6/6
  2397 | D:3      | Found a transporter.
  2418 | D:3      | Found a stormy altar of Qazlal.
  2420 | D:3      | Noticed a fire elemental
  2422 | D:3      | Noticed a water elemental
  2423 | D:3      | Noticed an air elemental
  2428 | D:3      | Became a worshipper of Qazlal Stormbringer
  2428 | D:3      | Reached * piety under Qazlal
  2428 | D:3      | Reached ** piety under Qazlal
  2440 | D:3      | Noticed Natasha
  2447 | D:3      | Killed Natasha
  2588 | D:3      | Found a sacrificial altar of Ru.
  2663 | D:4      | Noticed a phantom
  2722 | D:3      | Killed a phantom
  2723 | D:3      | Reached skill level 5 in Fighting
  2723 | D:3      | Reached skill level 7 in Maces & Flails
  2723 | D:3      | Reached XP level 6. HP: 71/71 MP: 8/8
  2751 | D:4      | Found a glowing silver altar of Zin.
  2818 | D:4      | Got a pitted hunting sling
  2830 | D:4      | Identified the +5 hunting sling "Wylea" {velocity, rElec
                  | Stlth+} (You found it on level 4 of the Dungeon)
  2920 | D:4      | Found a transporter.
  2926 | D:4      | Found a transporter.
  2929 | D:4      | Noticed a four-headed hydra
  2983 | D:4      | Found an iron altar of Okawaru.
  3299 | D:4      | Found an opulent altar of Gozag.
  3383 | D:4      | Found a shimmering blue altar of Sif Muna.
  3385 | D:4      | Found a burning altar of Makhleb.
  3591 | D:5      | Entered Level 5 of the Dungeon
  3611 | D:5      | Reached XP level 7. HP: 78/78 MP: 8/10
  3701 | D:5      | Reached skill level 8 in Maces & Flails
  3831 | D:5      | Learned a level 2 spell: Blink
  3913 | D:5      | Found a corrupted altar of Lugonu.
  4341 | D:6      | Reached skill level 1 in Spellcasting
  4462 | D:6      | Noticed Dowan
  4491 | D:6      | Killed Dowan
  4492 | D:6      | Reached skill level 1 in Translocations
  4495 | D:6      | Noticed Duvessa
  4506 | D:6      | Killed Duvessa
  4507 | D:6      | Reached skill level 5 in Invocations
  4507 | D:6      | Reached XP level 8. HP: 68/88 MP: 11/11
  4541 | D:6      | Reached skill level 9 in Maces & Flails
  4715 | D:6      | Found a snail-covered altar of Cheibriados.
  5238 | D:6      | Reached skill level 1 in Evocations
  5333 | D:6      | Found a staircase to the Ecumenical Temple.
  5537 | D:7      | Learned a level 2 spell: Sticks to Snakes
  5615 | D:7      | Reached skill level 10 in Maces & Flails
  5630 | D:7      | Found an ancient bone altar of Kikubaaqudgha.
  5640 | D:7      | Reached skill level 1 in Transmutations
  5796 | D:7      | Noticed a troll
  5803 | D:7      | Killed a troll
  5804 | D:7      | Reached XP level 9. HP: 83/96 MP: 13/13
  5875 | D:7      | Reached *** piety under Qazlal
  5881 | D:7      | Reached skill level 1 in Slings
  6027 | D:7      | Noticed a will-o'-wisp
  6037 | D:7      | Killed a will-o'-wisp
  6116 | D:7      | Noticed a will-o'-wisp
  6119 | D:7      | Killed a will-o'-wisp
  6120 | D:7      | Reached skill level 11 in Maces & Flails
  6586 | D:8      | Noticed a komodo dragon
  6597 | D:8      | Killed a komodo dragon
  6598 | D:8      | Reached XP level 10. HP: 103/107 MP: 15/15
  6961 | D:8      | Found Leacir's Gadget Boutique.
  6987 | D:8      | Noticed a seven-headed hydra
  6991 | D:8      | Noticed a smoke demon
  7056 | D:8      | Found Comnat's Antique Armour Boutique.
  7156 | D:8      | Found a bloodstained altar of Trog.
  7180 | D:8      | Noticed a cyclops
  7186 | D:8      | Killed a cyclops
  7196 | D:8      | Noticed a manticore
  7197 | D:8      | Gained mutation: Scrolls take you a little longer to read.
                  | [potion of mutation]
  7197 | D:8      | Gained mutation: Your spells are a little easier to cast,
                  | but a little less powerful. [potion of mutation]
  7197 | D:8      | Gained mutation: You tend to lose your temper in combat.
                  | [potion of mutation]
  7197 | D:8      | Lost mutation: Scrolls take you a little longer to read.
                  | [potion of mutation]
  7200 | D:8      | HP: 3/107 [manticore (13)]
  7202 | D:8      | Slain by a manticore

Skill      XL: |  1  2  3  4  5  6  7  8  9 10 |
---------------+-------------------------------+-----
Maces & Flails | 4 5 6 7 8 10 11 | 11.8
Fighting       | 4 5 6 |  6.9
Invocations    | 3 4 5 6 7 |  7.6
Dodging        | 3 4 |  4.2
Spellcasting   | 1 3 |  3.5
Translocations | 1 2 |  2.0
Evocations     | 2 3 4 |  4.0
Transmutations | 1 3 4 |  4.1
Slings         | 2 |  2.0
Stealth        | |  2.4

Action                   |  1- 3 |  4- 6 |  7- 9 | 10-12 || total
-------------------------+-------+-------+-------+-------++-------
Melee: Dagger            |    90 |    55 |    16 |       ||   161
       Mace              |    15 |    27 |       |       ||    42
       Giant club        |       |     9 |    27 |       ||    36
       Giant spiked club |       |       |   147 |    24 ||   171
 Fire: Hunting sling     |       |    12 |    56 |    12 ||    80
Throw: Stone             |    10 |    12 |     5 |     1 ||    28
       Tomahawk          |       |       |       |     2 ||     2
 Cast: Sticks to Snakes  |       |       |       |     3 ||     3
       Blink             |       |       |       |     1 ||     1
Invok: Upheaval          |       |       |     7 |     3 ||    10
       Elemental Force   |       |       |       |     1 ||     1
 Abil: Passwall          |     1 |       |     2 |       ||     3
       Evoke Berserk Rag |       |       |     1 |       ||     1
Evoke: Wand              |       |    10 |     1 |     1 ||    12
  Use: Scroll            |     1 |     2 |    10 |     2 ||    15
       Potion            |     1 |       |     5 |     7 ||    13
 Stab: Sleeping          |     8 |     1 |       |       ||     9
       Distracted        |     1 |       |       |       ||     1
       Paralysed         |       |    10 |       |       ||    10
  Eat: Chunk             |     4 |     6 |    16 |     3 ||    29
       Ration            |       |     1 |       |     1 ||     2
Armor: Skin              |    51 |    50 |   172 |    53 ||   326
Dodge: Dodged            |    60 |    53 |   135 |    63 ||   311
Block: Other             |       |     6 |    43 |    12 ||    61
